 Dungeon Crawl Stone Soup version 0.32-a0-986-ga09f62fbf4 (webtiles) character file.

Game seed: 15191683281331214695

3634 protoss039 the Covert (level 9, -9/50 HPs)
             Began as a Spriggan Enchanter on Apr 21, 2024.
             Mangled by a hornet (12 damage)
             ... on level 8 of the Dungeon.
             The game lasted 00:18:46 (7481 turns).

protoss039 the Covert (Spriggan Enchanter)          Turns: 7481, Time: 00:18:47

Health: -9/50      AC:  2    Str:  4    XL:     9   Next: 87%
Magic:  15/23      EV: 22    Int: 16    God:
Gold:   522        SH:  0    Dex: 20    Spells: 0/14 levels left

rFire   . . .        j - +2 dagger (elec)
rCold   . . .        (no shield)
rNeg    . . .        b - +0 robe
rPois   .            (helmet restricted)
rElec   .            (no cloak)
rCorr   .            (gloves unavailable)
SInv    +            (boots unavailable)
Will    +....        (no amulet)
Stlth   +++++        p - ring of magical power
HPRegen 0.28/turn    A - +4 ring of slaying
MPRegen 0.18/turn

%: no passive effects
@: slowed, quick
A: very small, no large weapons, unfitting armour, see invisible, speed 3
a: no special abilities


You were on level 8 of the Dungeon.
You visited 2 branches of the dungeon, and saw 9 of its levels.

You collected 522 gold pieces.

Inventory:

Hand Weapons
 a - a +2 dagger of draining
 j - a +2 dagger of electrocution (weapon)
Armour
 b - a +0 robe (worn)
Jewellery
 p - a ring of magical power (left hand)
 x - a ring of ice
 A - a +4 ring of slaying (right hand)
 B - the amulet of Bodily Harmony {Spirit Harm Str+4 SInv Stlth-}
   (You found it on level 7 of the Dungeon)

   [amulet of guardian spirit]

   Spirit:    It causes incoming damage to be divided between your reserves of
   health and magic.
   Str+4:     It affects your strength (+4).
   SInv:      It lets you see invisible.
   Harm:      It increases damage dealt and taken.
   Stlth-:    It makes you less stealthy.
 E - an amulet of the acrobat
Wands
 H - a wand of charming (11)
Scrolls
 d - 4 scrolls of identify
 e - a scroll of enchant weapon {unknown}
 f - 2 scrolls of immolation
 g - a scroll of silence {unknown}
 h - a scroll of butterflies {unknown}
 k - 6 scrolls of teleportation
 m - 2 scrolls of revelation
 t - 3 scrolls of blinking
 u - a scroll of brand weapon {unknown}
 y - 2 scrolls of amnesia
 G - a scroll of fog {unknown}
Potions
 c - a potion of invisibility
 i - a potion of mutation {unknown}
 l - 3 potions of curing
 n - a potion of magic {unknown}
 o - a potion of brilliance {unknown}
 q - a potion of degeneration {unknown}
 r - a potion of cancellation {unknown}
 s - a potion of attraction {unknown}
 v - a potion of might {unknown}
 w - 2 potions of heal wounds {unknown}
 z - 2 potions of ambrosia {unknown}
 C - 4 potions of haste {unknown}
 D - a potion of berserk rage {unknown}
 F - a potion of lignification {unknown}


   Skills:
 * Level 7.1 Fighting
 + Level 6.7 Short Blades
 + Level 8.4 Dodging
 + Level 10.3 Stealth
 - Level 3.0 Spellcasting
 - Level 6.0 Hexes


You couldn't memorise any spells.
You knew the following spells:

 Your Spells              Type           Power      Damage    Failure   Level
a - Ensorcelled Hibernat  Hex/Ice        24%        N/A       9%          2
b - Confusing Touch       Hex            21%        N/A       4%          3
c - Tukima's Dance        Hex            21%        N/A       4%          3
d - Dazzling Flash        Conj/Hex       24%        N/A       16%         3
e - Passwall              Erth           2%         N/A       50%         3

Your spell library contained the following spells:

 Spells                   Type           Power      Damage    Failure   Level
 Sigil of Binding         Hex            21%        N/A       4%          3
 Anguish                  Hex/Necr       6%         N/A       47%         4
 Dimensional Bullseye     Hex/Tloc       6%         N/A       47%         4
 Call Canine Familiar     Summ           2%         N/A       50%         3
 Fugue of the Fallen      Necr           2%         N/A       50%         3
 Swiftness                Air            2%         N/A       50%         3


Dungeon Overview and Level Annotations

Branches:
Dungeon (8/15) Zot: 26551  Temple (1/1) D:5 Zot: 5998
   Lair: D:8-11

Altars:
Cheibriados
Elyvilon
Fedhas
Gozag
Kikubaaqudgha
Makhleb
Okawaru
Qazlal
Ru
Uskayaw
Vehumet
Yredelemnul
The Shining One

Shops:
D:3 :   D:6 !   D:7 ?::


Innate Abilities, Weirdness & Mutations

You are very small and have problems with some larger weapons.
You are too small for most types of armour.
You have supernaturally acute eyesight. (SInv)
You cover ground extremely quickly. (Speed+++)


Message History

Found a long sword and 33 gold pieces.
A five-headed hydra comes into view.
Found five items.
There is an open door here.
The five-headed hydra attacks as it pursues you!
The five-headed hydra bites you.
The five-headed hydra barely misses you.
The five-headed hydra bites you!
The five-headed hydra closely misses you.
The five-headed hydra bites you!
* * * LOW HITPOINT WARNING * * *
Unknown command.
Unknown command.
You see here a +2 spear of venom.
Okay, then.
The hornet buzzes angrily.
Things that are here:
a +0 trident; a +0 scale mail; a gnoll corpse You see here a +0 flail.
Things that are here:
a +0 dagger; a +0 robe
Things that are here:
a +0 club; a gnoll corpse The hornet barely misses you.
Casting: Confusing Touch (dangerous; 4% risk of failure)
Confirm with . or Enter, or press ? or * to list all spells.
Aiming: Ensorcelled Hibernation (safe; 9% risk of failure)
Press: ? - help, Shift-Dir - straight line, f - hornet
Aim: a hornet (chance to affect: 37%)
The hornet easily resists.
The hornet completely misses you.
Unknown command.
Casting: Ensorcelled Hibernation (safe; 9% risk of failure)
Confirm with . or Enter, or press ? or * to list all spells.
Aiming: Ensorcelled Hibernation (safe; 9% risk of failure)
Press: ? - help, Shift-Dir - straight line, f/p - hornet
Aim: a hornet (chance to affect: 37%)
The hornet easily resists.
The hornet stings you!
* * * LOW HITPOINT WARNING * * *
You feel yourself slow down. The hornet stings you!
You die...

#.#######......#.)#...(..
#.# #.#
#####..#†[#..########.#
#.# #......#).#.....
#....# #.#
#......#..#......######
#.# #..#####..#####.. #.#
#......#..#.^.... #.#
#......#..#...... #.#
#####).#y.#..####
#......#@.#.....
#......#..#......#
#.)#####..#####..#
#......).........#
#.....)).........#
##################


You could see a hornet.

Vanquished Creatures
  Maggie (D:7)
  Prince Ribbit (D:6)
  2 yaks
  Eustachio (D:4)
  A water moccasin (D:7)
  An acid dragon (D:5)
  An ice beast (D:8)
  A sky beast (D:5)
  A black bear (D:5)
  An ogre (D:5)
  2 centaurs
  2 kobold brigands (D:8)
  A phantom (D:4)
  2 bullfrogs
  2 gnoll sergeants
  6 scorpions
  A wight (D:8)
  A howler monkey (D:6)
  3 jellies
  2 bombardier beetles
  4 hounds
  2 orc priests
  3 iguanas
  Jessica (D:2)
  Terence (D:3)
  8 orc wizards
  Robin (D:2)
  6 gnolls
  8 adders
  2 shadow imps
  2 ufetubi (D:7)
  4 dart slugs
  22 orcs
  5 endoplasms
  4 giant cockroaches
  12 goblins
  8 hobgoblins
  4 jackals (D:4)
  7 quokkas
  3 ball pythons
  4 bats
  4 frilled lizards
  6 kobolds
  3 rats
157 creatures vanquished.

Vanquished Creatures (collateral kills)
  A gnoll sergeant (D:8)
  A wight (D:8)
2 creatures vanquished.

Vanquished Creatures (others)
  A goblin (D:2)
1 creature vanquished.

Grand Total: 160 creatures vanquished

Notes
Turn   | Place    | Note
-------+----------+-------------------------------------------
     0 | D:1      | protoss039 the Spriggan Enchanter began the quest for the
                  | Orb.
     0 | D:1      | Reached XP level 1. HP: 9/9 MP: 5/5
   161 | D:1      | Reached XP level 2. HP: 14/14 MP: 6/6
   164 | D:1      | Learned a level 2 spell: Ensorcelled Hibernation
   502 | D:1      | Reached skill level 1 in Fighting
  1107 | D:2      | Reached XP level 3. HP: 6/18 MP: 2/8
  1126 | D:2      | Noticed Robin
  1129 | D:2      | Noticed Jessica
  1191 | D:2      | Killed Robin
  1195 | D:2      | Killed Jessica
  1196 | D:2      | Reached skill level 5 in Stealth
  1199 | D:2      | Reached XP level 4. HP: 4/23 MP: 1/9
  1439 | D:2      | Found a faded altar of an unknown god.
  2095 | D:2      | Learned a level 3 spell: Confusing Touch
  2516 | D:3      | Noticed Terence
  2590 | D:3      | Found Umyid's Book Boutique.
  2761 | D:3      | Reached XP level 5. HP: 23/27 MP: 10/10
  2913 | D:3      | Learned a level 3 spell: Tukima's Dance
  2915 | D:3      | Killed Terence
  3356 | D:4      | Reached skill level 6 in Stealth
  3402 | D:4      | Reached XP level 6. HP: 13/32 MP: 5/11
  3535 | D:4      | Noticed Eustachio
  3547 | D:4      | Killed Eustachio
  3568 | D:4      | Reached skill level 5 in Dodging
  3580 | D:4      | Reached XP level 7. HP: 6/37 MP: 7/12
  4034 | D:4      | Reached skill level 7 in Stealth
  4107 | D:4      | Learned a level 3 spell: Dazzling Flash
  4110 | D:5      | Entered Level 5 of the Dungeon
  4308 | D:5      | Found a sacrificial altar of Ru.
  4355 | D:5      | Found a stormy altar of Qazlal.
  4394 | D:5      | Reached XP level 8. HP: 41/42 MP: 13/13
  4542 | D:5      | Found a staircase to the Ecumenical Temple.
  4556 | Temple   | Entered the Ecumenical Temple
  4788 | D:5      | Reached skill level 8 in Stealth
  4831 | D:5      | Reached skill level 5 in Fighting
  4961 | D:5      | Reached skill level 5 in Short Blades
  4963 | D:5      | Reached skill level 5 in Hexes
  5337 | D:6      | Found a radiant altar of Vehumet.
  5417 | D:6      | Noticed Prince Ribbit
  5421 | D:6      | Killed Prince Ribbit
  5422 | D:6      | Found Raumet's Distillery.
  5429 | D:6      | Found an opulent altar of Gozag.
  5482 | D:6      | Reached XP level 9. HP: 48/48 MP: 14/14
  5619 | D:6      | Reached skill level 9 in Stealth
  5783 | D:6      | Found a white marble altar of Elyvilon.
  6011 | D:6      | Learned a level 3 spell: Passwall
  6043 | D:7      | Found Opaloyq's Book Shop.
  6043 | D:7      | Found Jakaubb's Book Shop.
  6043 | D:7      | Found Jifofak's Magic Scroll Shop.
  6117 | D:7      | Noticed Maggie
  6125 | D:7      | Killed Maggie
  6213 | D:7      | Identified the amulet of Bodily Harmony {Spirit Harm Str+4
                  | SInv Stlth-}
  7252 | D:8      | Reached skill level 10 in Stealth
  7453 | D:8      | Noticed a five-headed hydra
  7481 | D:8      | Mangled by a hornet

Illustrated notes

Levels and vault maps discovered:
D:1:      dpeg_arrival_solitude, layout_basic
D:2:      layout_loops_corners, shapermc_ecumenical_altar_ellora, uniq_robin,
          uniq_jessica
D:3:      layout_basic, serial_shops, nicolae_book_shop_shelving,
          minmay_misc_feat_pillars, kennysheep_generic_room_15, uniq_terence
D:4:      layout_cave_pools, nicolae_elevator_lobby_asterisk, uniq_eustachio
D:5:      layout_basic, lemuel_tele_altar, mainiacjoe_overflow_brackets,
          minmay_temple_entry_junction, minmay_divided_ellipse
D:6:      layout_loops_cross, old_standard_altar, lemuel_round_altar,
          grunt_gozag_breadcrumbs, serial_shops, shop, uniq_prince_ribbit1
D:7:      layout_loops_ring, nicolae_shop_distant_corner_stores, uniq_maggie
D:8:      kennysheep_windowed_halls, layout_loops_ring, amcnicky_altar_gilded,
          serial_glass, glass_columns_b, glass_columns_a, glass_columns_b,
          glass_columns_b, glass_columns_a, glass_columns_a
Temple:   hellmonk_temple_beads

Skill      XL: |  1  2  3  4  5  6  7  8  9 |
---------------+----------------------------+-----
Dodging        | 3 4 5 7 8 |  8.4
Fighting       | 1 2 3 4 5 7 |  7.1
Short Blades   | 2 3 4 5 6 |  6.7
Stealth        | 5 6 7 8 10 | 10.3
Spellcasting   | 3 |  3.0
Hexes          | 4 5 6 |  6.0

Action                     |  1- 3 |  4- 6 |  7- 9 || total
---------------------------+-------+-------+-------++-------
  Melee: Dagger            |    67 |   110 |   144 ||   321
   Cast: Ensorcelled Hiber |    16 |    33 |    78 ||   127
         Tukima's Dance    |       |     1 |     3 ||     4
         Confusing Touch   |       |     1 |     4 ||     5
    Use: Potion            |     1 |       |       ||     1
         Scroll            |       |     1 |     6 ||     7
   Stab: Sleeping          |    14 |    33 |    56 ||   103
         Invisible         |     1 |     2 |       ||     3
         Confused          |       |     1 |     2 ||     3
         Distracted        |       |       |     1 ||     1
 Armour: Robe              |    24 |    41 |    43 ||   108
         Swamp dragon scal |       |       |     1 ||     1
  Dodge: Dodged            |    60 |    99 |   112 ||   271

Table legend: (Time is in decaauts)
 A = Elapsed time spent in this place.
 B = Non-inter-level travel time spent in this place.
 C = Inter-level travel time spent in this place.
 D = Time resting spent in this place.
 E = Time spent auto-exploring this place.
 F = Levels seen in this place.
 G = Mean time per level.
                   A        B        C        D        E       F      G
               +--------+--------+--------+--------+--------+-----+--------+
         Total |   5459 |   5342 |    117 |    779 |   3422 |   9 |  606.6 |
       Dungeon |   5457 |   5340 |    117 |    779 |   3422 |   8 |  682.1 |
        Temple |      1 |      1 |      0 |      0 |      0 |   1 |    1.0 |
               +--------+--------+--------+--------+--------+-----+--------+

Top non-repeatable levels by time:
     D:5: 877 daAuts
     D:2: 864 daAuts
     D:3: 825 daAuts
     D:1: 729 daAuts
     D:4: 593 daAuts
     D:6: 561 daAuts
     D:7: 557 daAuts
     D:8: 447 daAuts
  Temple: 1 daAuts
